 Dungeon Crawl Stone Soup version 0.31-a0-931-g7b59d4eb97 (webtiles) character file.

Game seed: 17473194444672180551

29 scionoferis the Chopper (level 3, -1/33 HPs)
             Began as a Minotaur Chaos Knight on Oct 19, 2023.
             Was a Plaything of Xom.
             Slain by Sigmund
             ... wielding a +0 scythe
              (5 damage)
             ... on level 2 of the Dungeon.
             The game lasted 00:01:57 (572 turns).

scionoferis the Chopper (Minotaur Chaos Knight)      Turns: 572, Time: 00:01:58

Health: -1/33      AC:  5    Str: 13 (16) XL:     3   Next: 1%
Magic:  2/2        EV: 11    Int:  8 (9)  God:    Xom [....*.]
Gold:   15         SH:  0    Dex: 10 (11) Spells: 2/2 levels left

rFire   . . .        a - +0 hand axe (chaos)
rCold   . . .        (no shield)
rNeg    . . .        b - +2 leather armour
rPois   .            (helmet restricted)
rElec   .            (no cloak)
rCorr   .            (no gloves)
SInv    .            (no boots)
Will    .....        (no amulet) Stlth
                     q - ring of flight
HPRegen 0.25/turn    (no ring)
MPRegen 0.08/turn

%: no passive effects
@: confused, flying
A: horns 2, retaliatory headbutt
a: Renounce Religion


You were on level 2 of the Dungeon.
You worshipped Xom.
You were a beloved toy of Xom.
You visited 1 branch of the dungeon, and saw 2 of its levels.

You collected 15 gold pieces.


Innate Abilities, Weirdness & Mutations

You have a pair of horns on your head.
You reflexively headbutt those who attack you in melee.


   Skills:
 + Level 4.1 Fighting
 * Level 4.6 Axes
 - Level 2.4 Armour
 - Level 1.1 Dodging


You had 2 spell levels left.
You didn't know any spells.
Your spell library contained the following spells:

 Spells                   Type           Power      Damage    Failure   Level
 Ozocubu's Armour         Ice            0%         N/A       86%         3
 Metabolic Englaciation   Hex/Ice        0%         N/A       100%        5
 Simulacrum               Ice/Necr       0%         N/A       100%        6

Inventory:

Hand Weapons
 a - a +0 hand axe of chaos (weapon)
Armour
 b - a +2 leather armour (worn)
Jewellery
 m - a ring of magical power
   (You found it on level 1 of the Dungeon)
 q - a ring of flight (left hand)
   (You found it on level 2 of the Dungeon)
Scrolls
 c - a scroll of butterflies
 d - 3 scrolls of identify {unknown}
 e - a scroll of fear {unknown}
 f - a scroll of poison {unknown}
 j - a scroll of teleportation {unknown}
 l - a scroll of silence {unknown}
 n - a scroll of brand weapon {unknown}
 o - a scroll of blinking {unknown}
 p - a scroll of amnesia {unknown}
Potions
 g - a potion of mutation {unknown}
 h - a potion of degeneration
 i - 2 potions of lignification {unknown}
 k - 2 potions of resistance {unknown}

Dungeon Overview and Level Annotations

Branches:
Dungeon (2/15)

Altars:

Shops:
D:1 *

Annotations:
D:2 Sigmund

#.#..†......)....#.#
###..............#.#
#..............+.#
##..............#
#...............#
#<..............#
#..@###.........##
#...# #.55.......#
#...# #.@5.......#
###...###{.........#
#........######....#
#........# ....#
#........# #####
#........#
##########


You could see 2 friendly quasits and a friendly shadow imp (summoned).


Message History

Welcome, scionoferis the Minotaur Chaos Knight.
The Orb of Zot is coveted for many reasons.
Will you seize it for your own?
Xom says: A new plaything!
Press ? for a list of commands and other information.
Found a staircase leading out of the dungeon.
You open the door.
There is an open door here.
A kobold comes into view. It is wielding a +0 dagger.
The kobold shouts!
The kobold throws a stone.
The stone closely misses you.
You slash the kobold!
You kill the kobold!
No target in view!
Found a short sword.
Xom almost notices you.
Nothing appears to happen...
Ominous!
Found a scale mail.
A kobold and a rat come into view.
The kobold shouts!
A goblin comes into view. It is wielding a +0 club.
Found three items.
The goblin shouts!
Found a whip.
The kobold hits you with a +0 whip.
You barely miss the kobold.
A quokka comes into view.
The kobold barely misses you.
You closely miss the kobold.
You headbutt the kobold, but do no damage.
You closely miss the rat. The kobold barely misses you.
The rat barely misses you.
You barely miss the kobold. You hit the rat. You freeze the rat.
You kill the rat!
The kobold hits you but does no damage.
You closely miss the kobold. Your headbutt misses the kobold.
You punch the kobold, but do no damage. You hit the goblin.
The goblin hits you but does no damage. The kobold misses you.
You furiously retaliate!
You headbutt the kobold!
You kill the kobold!
You closely miss the goblin. Your headbutt misses the goblin.
The goblin is severely wounded.
The goblin closely misses you.
You hit the goblin but do no damage. Your headbutt misses the goblin.
The goblin is severely wounded.
You hit the quokka.
The quokka evaporates and reforms as a bat!
Xom is mildly amused.
The bat barely misses you. The goblin barely misses you.
You slash the goblin!
You kill the goblin!
The bat hits you but does no damage.
A ball python comes into view.
You barely miss the bat.
The bat is moderately wounded.
The ball python hisses angrily.
The bat barely misses you. The bat barely misses you. You furiously retaliate!
You headbutt the bat!
You kill the bat!
The quokka returns to its original shape as it dies.
Your Axes skill increases to level 4!
A bat comes into view.
Things that are here:
a +0 club; a goblin corpse The ball python completely misses you.
You furiously retaliate!
You headbutt the ball python!
You kill the ball python!
The bat barely misses you. The bat barely misses you. You furiously retaliate!
You headbutt the bat. You closely miss the bat.
The bat is heavily wounded.
The bat hits you but does no damage.
You barely miss the bat. Your headbutt misses the bat.
The bat is moderately wounded.
The bat misses you.
Found a white potion.
The bat closely misses you.
You slash the bat!
You kill the bat!
You have reached level 2!
d - a scroll labelled BAIHAD LOXTAME
e - a scroll labelled FOEMYU QEATHA
f - a scroll labelled QAGAFUWIEXT
Found a flux talisman.
g - a white potion
Found a club.
d - 2 scrolls labelled BAIHAD LOXTAME (gained 1)
A hobgoblin comes into view.
A hobgoblin is nearby!
Xom smiles on you.
You fade into invisibility!
You are now a beloved toy of Xom.
The hobgoblin closely misses you.
You closely miss the hobgoblin. The hobgoblin hits you.
You hit the hobgoblin.
The hobgoblin is lightly wounded.
The hobgoblin completely misses you.
You closely miss the hobgoblin.
The hobgoblin is lightly wounded.
The hobgoblin hits you but does no damage.
You hit the hobgoblin.
The hobgoblin is heavily wounded.
The hobgoblin misses you.
You hit the hobgoblin but do no damage.
Space warps around the hobgoblin.
You kill the hobgoblin!
No target in view!
HP restored.
You now have 4 gold pieces.
d - 3 scrolls labelled BAIHAD LOXTAME (gained 1)
A frilled lizard comes into view.
The frilled lizard hisses angrily.
A frilled lizard is nearby!
The frilled lizard barely misses you.
You hit the frilled lizard.
You kill the frilled lizard!
No target in view!
No target in view!
No target in view!
You flicker for a moment.
You flicker back into view.
A quokka comes into view.
The quokka moves out of view.
A quokka is nearby!
Found a stone staircase leading down.
Found a ring mail.
Found a stone staircase leading down.
The quokka bites you.
You hit the quokka. Lightning courses through the quokka!
You kill the quokka!
No target in view!
No target in view!
Found a stone staircase leading down.
A frilled lizard comes into view.
The frilled lizard hisses angrily.
An endoplasm comes into view.
Found an escape hatch in the floor.
The frilled lizard closely misses you.
You hit the endoplasm but do no damage. You barely miss the frilled lizard.
The endoplasm barely misses you.
The frilled lizard bites you but does no damage.
You slash the endoplasm! You burn the endoplasm.
You kill the endoplasm!
You hit the frilled lizard.
You kill the frilled lizard!
Your Fighting skill increases to level 4!
No target in view!
No target in view!
h - 2 grey potions A hobgoblin comes into view.
Found a pink potion and a scroll labelled HECYLOTOXA.
The hobgoblin shouts!
Found 2 fizzy cyan potions.
The hobgoblin hits you but does no damage.
You hit the hobgoblin.
The hobgoblin seems to grow stronger.
Xom is highly amused!
You headbutt the hobgoblin.
You kill the hobgoblin!
No target in view!
No target in view!
i - a pink potion
j - a scroll labelled HECYLOTOXA
k - 2 fizzy cyan potions As you open the door, it creaks loudly!
There is an open door here.
There is an open door here.
An endoplasm comes into view.
The endoplasm quivers.
You see here a book of Winter.
A rat comes into view.
The endoplasm barely misses you.
You see here 7 gold pieces.
You hit the endoplasm.
The endoplasm seems to speed up.
Xom is highly amused!
You headbutt the endoplasm.
You kill the endoplasm!
You closely miss the rat. The rat barely misses you.
You hit the rat but do no damage. The rat barely misses you.
You furiously retaliate!
You headbutt the rat.
You kill the rat!
No target in view!
You now have 11 gold pieces (gained 7).
You pick up a book of Winter and begin reading...
You add the spells Ozocubu's Armour, Metabolic Englaciation and Simulacrum to your library.
A ball python comes into view.
The ball python hisses angrily.
A hobgoblin comes into view.
The hobgoblin shouts!
The hobgoblin closely misses you. You furiously retaliate!
You headbutt the hobgoblin. You barely miss the hobgoblin.
You headbutt the hobgoblin.
The hobgoblin is almost dead.
You hit the ball python. You drain the ball python.
You kill the ball python!
The hobgoblin hits you.
You hit the hobgoblin. You burn the hobgoblin.
You kill the hobgoblin!
No target in view!
No target in view!
As you open the door, it creaks loudly!
Found a leather armour.
Found Yrphutse's General Store.
There is an open door here.
There is an entrance to Yrphutse's General Store here.
Unknown command.
You open the door.
An endoplasm comes into view.
The endoplasm quivers.
The endoplasm moves out of view.
There is an open door here.
An endoplasm is nearby!
You hit the endoplasm. You burn the endoplasm.
The endoplasm is moderately wounded.
The endoplasm barely misses you.
You barely miss the endoplasm.
The endoplasm is moderately wounded.
The endoplasm freezes you.
You are frozen.
You hit the endoplasm.
You kill the endoplasm!
No target in view!
A ball python comes into view.
The ball python moves out of view.
A hobgoblin comes into view.
The hobgoblin shouts!
A hobgoblin comes into view.
The hobgoblin shouts!
The hobgoblin moves out of view.
You hit the ball python.
You kill the ball python!
You hit the hobgoblin.
You kill the hobgoblin!
You hit the hobgoblin but do no damage.
The hobgoblin is poisoned.
The hobgoblin hits you.
You slash the hobgoblin!
You kill the hobgoblin!
No target in view!
l - a scroll labelled VAR KEOVYMAEPA As you open the door, it creaks loudly!
There is an open door here.
You open the door.
There is an open door here.
You see here a +0 whip.
m - a ring of magical power Done exploring.
You see here a quokka skeleton.
There is an open door here.
There is an open door here.
There is a stone staircase leading down here.
Search for what [? for help]? d: Unknown command.
You climb downwards.
Found 4 gold pieces.
There is a stone staircase leading up here.
You now have 15 gold pieces (gained 4).
You open the door.
An endoplasm comes into view.
There is an open door here.
A ball python comes into view.
Found a scroll labelled HOKYXOTUFF.
Found a stone staircase leading up.
The endoplasm quivers.
The endoplasm jiggles.
You hit the endoplasm. You headbutt the endoplasm.
You kill the endoplasm!
Found an escape hatch in the ceiling.
The ball python bites you but does no damage.
The ball python grabs you. The ball python constricts you.
The ball python barely misses you. The ball python constricts you.
You closely miss the ball python. The ball python bites you.
The ball python constricts you.
You closely miss the ball python.
The ball python bites you but does no damage.
The ball python constricts you.
You barely miss the ball python. You headbutt the ball python.
You kill the ball python!
No target in view!
HP restored.
n - a scroll labelled HOKYXOTUFF A kobold comes into view.
It is wielding a +0 whip.
Found a scroll labelled MUITAAD ZACO.
The kobold shouts!
A kobold is nearby!
Found a scroll labelled EGHEWKADGHET.
Found a pink potion.
The kobold barely misses you. You furiously retaliate!
You headbutt the kobold. You barely miss the kobold.
The kobold is heavily wounded.
The kobold hits you but does no damage.
You closely miss the kobold. Your headbutt misses the kobold.
The kobold is heavily wounded.
The kobold barely misses you.
You closely miss the kobold.
The kobold is heavily wounded.
The kobold misses you.
You barely miss the kobold. You headbutt the kobold.
You kill the kobold!
You have reached level 3!
Your experience leads to an increase in your attributes!
Increase (S)trength, (I)ntelligence, or (D)exterity?
You feel agile. x2
o - a scroll labelled MUITAAD ZACO
p - a scroll labelled EGHEWKADGHET
i - 2 pink potions (gained 1)
You see here a +0 whip.
A rat comes into view.
You see here a ring of flight.
q - a ring of flight You fly up into the air.
q - a ring of flight (left hand)
The rat bites you but does no damage.
You hit the rat. You burn the rat.
You kill the rat!
No target in view!
You see here a rat corpse.
Sigmund the Dreaded comes into view.
He is wielding a +0 scythe.
Sigmund gestures at you while chanting. You resist with significant effort.
Unknown command.
Sigmund casts a spell at you.
You are confused.
Sigmund hits you with a +0 scythe!
You bump into the rock wall. "Serve the mortal, my children!"
Sigmund hits you from afar with a +0 scythe.
Okay, then.
Sigmund closely misses you.
Your quasit bites Sigmund.
Your quasit claws Sigmund but does no damage. x2
Your quasit closely misses Sigmund.
Your quasit barely misses Sigmund.
Your quasit claws Sigmund.
You feel less confused.
Sigmund hits you from afar with a +0 scythe.
Your quasit closely misses Sigmund.
Your quasit misses Sigmund.
Your quasit claws Sigmund.
Your quasit closely misses Sigmund.
Your quasit claws Sigmund.
Your quasit closely misses Sigmund.
Sigmund points at you and mumbles some strange words.
The magic dart hits your quasit!
Your quasit barely misses Sigmund.
Your quasit misses Sigmund.
Your quasit barely misses Sigmund.
Your quasit closely misses Sigmund.
Your quasit claws Sigmund but does no damage. x2
Sigmund hits your quasit but does no damage.
Your quasit bites Sigmund.
Your quasit misses Sigmund.
Your quasit claws Sigmund but does no damage.
Your quasit barely misses Sigmund.
Your quasit claws Sigmund.
Your quasit claws Sigmund but does no damage.
Sigmund misses your quasit.
Your quasit closely misses Sigmund.
Your quasit claws Sigmund.
Your quasit claws Sigmund but does no damage.
Sigmund screams, "Don't try to resist!"
Sigmund gestures wildly while chanting.
Sigmund flickers and vanishes!
Deactivating autopickup; reactivate with Ctrl-A.
Something closely misses your shadow imp.
Something hits you.
You see here a rat corpse.
You barely miss something. Something hits you!
* * * LOW HITPOINT WARNING * * *
You slash something!
You hear some strange, mumbled words.
You are confused.
Okay, then.
You're too confused to move!
You hear some strange, mumbled words.
A magic dart appears from out of thin air!
The magic dart hits you!
* * * LOW HITPOINT WARNING * * *
It was a potion of degeneration.
There was something very wrong with that liquid.
You feel weakened.
You feel dopey.
You feel clumsy. Something hits you.
You die...

Skill      XL: |  1  2 |
---------------+-------+-----
Axes           | 4 |  4.6
Fighting       | 4 |  4.1
Armour         | |  2.4
Dodging        | |  1.1

Action                     || total
---------------------------++-------
  Melee: Hand axe          ||    44
         Headbutt          ||     7
         Punch             ||     1
    Use: Potion            ||     1
 Armour: Leather armour    ||    24
  Dodge: Dodged            ||    31

Levels and vault maps discovered:
D:1:      wander_arrival_chamber, layout_rooms, serial_shops,
          nicolae_shop_rolling_square
D:2:      layout_basic, uniq_sigmund

Notes
Turn   | Place    | Note
-------+----------+-------------------------------------------
     0 | D:1      | scionoferis the Minotaur Chaos Knight began the quest for
                  | the Orb.
     0 | D:1      | Reached XP level 1. HP: 19/19 MP: 0/0
    25 | D:1      | XOM: silly message
    41 | D:1      | Reached skill level 4 in Axes
    49 | D:1      | Reached XP level 2. HP: 27/27 MP: 1/1
    71 | D:1      | XOM: potion effect (invisibility)
   162 | D:1      | Reached skill level 4 in Fighting
   314 | D:1      | Found Yrphutse's General Store.
   507 | D:2      | Reached XP level 3. HP: 33/33 MP: 2/2
   535 | D:2      | Noticed Sigmund
   556 | D:2      | XOM: summons 3 friendly demons
   571 | D:2      | HP: 4/33 [something/magic dart (7)]
   572 | D:2      | Slain by Sigmund

Vanquished Creatures
  4 ball pythons (D:1 D:2)
  2 bats (D:1)
  4 endoplasms (D:1 D:2)
  A goblin (D:1)
  5 hobgoblins (D:1)
  A quokka (D:1)
  2 frilled lizards (D:1)
  3 kobolds (D:1 D:2)
  3 rats (D:1 D:2)
25 creatures vanquished.

Table legend: (Time is in decaauts)
 A = Elapsed time spent in this place.
 B = Non-inter-level travel time spent in this place.
 C = Inter-level travel time spent in this place.
 D = Time resting spent in this place.
 E = Time spent auto-exploring this place.
 F = Levels seen in this place.
 G = Mean time per level.
                   A        B        C        D        E       F      G
               +--------+--------+--------+--------+--------+-----+--------+
         Total |    574 |    539 |     35 |      0 |    371 |   2 |  287.0 |
       Dungeon |    574 |    539 |     35 |      0 |    371 |   2 |  287.0 |
               +--------+--------+--------+--------+--------+-----+--------+

Top non-repeatable levels by time:
     D:1: 474 daAuts
     D:2: 100 daAuts

Table legend:
 A = Non-vault XP
 B = Vault XP
 C = Vault XP percentage of total XP
 D = Non-vault monster count
 E = Vault monster count
 F = Vault count percentage of total count
                 A         B        C        D         E       F
            +---------+---------+-------+---------+---------+-------
      Total |      42 |       0 |   0.0 |      25 |       0 |   0.0
            +---------+---------+-------+---------+---------+-------
        D:1 |      36 |       0 |   0.0 |      21 |       0 |   0.0
        D:2 |       6 |       0 |   0.0 |       4 |       0 |   0.0
            +---------+---------+-------+---------+---------+-------
